 Dungeon Crawl Stone Soup version 0.31-a0-237-g2d982f9f85 (webtiles) character file.

Game seed: 4086922312613807211

469 qw the Shooter (level 6, -8/52 HPs)
             Began as a Minotaur Hexslinger on July 10, 2023.
             Mangled by an ice beast (13 damage)
             ... on level 5 of the Dungeon.
             The game lasted 00:01:16 (3245 turns).

qw the Shooter (Minotaur Hexslinger)                Turns: 3245, Time: 00:01:16

Health: -8/52      AC:  5    Str: 12    XL:     6   Next: 82%
Magic:  6/6        EV: 11    Int: 10    God:
Gold:   185        SH:  0    Dex: 15    Spells: 6/7 levels left

rFire   . . .        Y - +1 sling
rCold   . . .        (no shield)
rNeg    . . .        h - +0 ring mail
rPois   .            (helmet restricted)
rElec   .            (no cloak)
rCorr   .            (no gloves)
SInv    .            (no boots)
Will    +....        (no amulet)
Stlth   +            c - ring of willpower
HPRegen 0.28/turn    (no ring)
MPRegen 0.10/turn

%: no passive effects
@: no status effects
A: horns 2, retaliatory headbutt
a: no special abilities


You were on level 5 of the Dungeon.
You visited 1 branch of the dungeon, and saw 5 of its levels.

You collected 185 gold pieces.


Innate Abilities, Weirdness & Mutations

You have a pair of horns on your head.
You reflexively headbutt those who attack you in melee.


   Skills:
 - Level 4.1 Fighting
 + Level 6.9 Ranged Weapons
 - Level 2.0 Armour
 - Level 2.1 Dodging
 - Level 1.0 Spellcasting
 - Level 2.0 Hexes


You had 6 spell levels left.
You knew the following spells:

 Your Spells              Type           Power      Damage    Failure   Level
a - Slow                  Hex            16%        N/A       32%         1

Your spell library contained the following spells:

 Spells                   Type           Power      Damage    Failure   Level
 Inner Flame              Hex/Fire       2%         N/A       83%         3
 Portal Projectile        Hex/Tloc       4%         N/A       83%         3
 Cause Fear               Hex            2%         N/A       97%         4

Inventory:

Hand Weapons
 Y - a +1 sling (weapon)
Armour
 h - a +0 ring mail (worn)
Jewellery
 c - a ring of willpower (left hand)
Scrolls
 b - 2 scrolls of identify

Dungeon Overview and Level Annotations

Branches:
Dungeon (5/15)
 Temple: D:4-7

Altars:
Wu Jian

Shops:
D:4 *


Message History

The black bear closely misses you. The black bear claws you.
The black bear claws you but does no damage.
Blork the orc screams, "I'll eat your brain!
And then I'll vomit it back up!"
Blork the orc begins to cast a cantrip, but forgets the words!
Blork the orc misses you. You furiously retaliate!
You headbutt Blork the orc!
The black bear bites you but does no damage.
The black bear claws you but does no damage.
The black bear closely misses you.
You shoot a sling bullet. The sling bullet hits Blork the orc!
Blork the orc is almost dead.
The black bear bites you.
The black bear claws you but does no damage.
The black bear barely misses you. Blork the orc casts a spell at you.
The magic dart hits you.
The ice beast hits you but does no damage.
You shoot a sling bullet.
The sling bullet barely misses Blork the orc.
The ice beast hits you but does no damage.
The black bear barely misses you. The black bear claws you.
The black bear completely misses you.
Blork the orc hits you with a +0 long sword!
You shoot a sling bullet.
The sling bullet barely misses Blork the orc.
The black bear bites you. The black bear claws you.
The black bear barely misses you. The ice beast barely misses you.
Blork the orc curses repeatedly.
Blork the orc mumbles some strange words.
Blork the orc seems to speed up.
You shoot a sling bullet. The sling bullet hits Blork the orc.
You kill Blork the orc!
The black bear bites you.
The black bear claws you but does no damage.
The black bear claws you.
The ice beast hits you but does no damage.
You shoot a sling bullet.
The sling bullet barely misses the ice beast.
The black bear bites you.
The black bear claws you. x2; The ice beast hits you.
The ice beast freezes you!
You die...

.... .. ... #.. ..#
#..# .. #...####.#
.>.....#####.
#######.#..Y)......
#.......#.h@#
#.#########.##
#.....#.%....#
#..##.#.###........
#..#<.#.# #....####
#..####.# ........
#.......# #..#####
##.###### #... #.#
#..##


You could see a black bear and an ice beast.

Vanquished Creatures
  An ogre (D:4)
  Blork the orc (D:5)
  A scorpion (D:4)
  3 hounds
  Jessica (D:3)
  An orc wizard (D:4)
  3 adders
  An ufetubus (D:4)
  A worm (D:2)
  2 dart slugs
  14 orcs
  7 ball pythons
  7 endoplasms
  2 giant cockroaches (D:1)
  7 goblins
  8 hobgoblins
  2 quokkas
  A bat (D:3)
  A frilled lizard (D:2)
  5 kobolds
  A rat (D:1)
70 creatures vanquished.

Notes
Turn   | Place    | Note
-------+----------+-------------------------------------------
     0 | D:1      | qw the Minotaur Hexslinger began the quest for the Orb.
     0 | D:1      | Reached XP level 1. HP: 16/16 MP: 1/1
     0 | D:1      | 0 ||| qw: Version: 0.3-a-52-g30416fa
     0 | D:1      | 0 ||| qw: Game counter: 5233
     0 | D:1      | 0 ||| qw: Melee chars always use a shield: true
     0 | D:1      | 0 ||| qw: God list: Okawaru
     0 | D:1      | 0 ||| qw: Allow faded altars: false
     0 | D:1      | 0 ||| qw: Do Orc after clearing Dungeon:15 true
     0 | D:1      | 0 ||| qw: Do second Lair branch before Depths: true
     0 | D:1      | 0 ||| qw: Lair rune preference: random
     0 | D:1      | 0 ||| qw: Goals: Normal
     0 | D:1      | 0 ||| PLANNING D:1-11
   212 | D:1      | Reached skill level 3 in Ranged Weapons
   263 | D:1      | Reached XP level 2. HP: 23/23 MP: 2/2
   515 | D:1      | 515 ||| READING scroll labelled COIBYO LUTYU.
   557 | D:1      | 557 ||| READING scroll labelled XAJATOARPHO.
   558 | D:1      | 558 ||| DRINKING 2 emerald potions.
   559 | D:1      | 559 ||| DROPPING scroll of poison.
   664 | D:2      | Reached XP level 3. HP: 29/29 MP: 3/3
  1212 | D:2      | 1212 ||| UPGRADING to +0 leather armour.
  1222 | D:2      | 1222 ||| DROPPING +0 robe.
  1223 | D:2      | 1223 ||| UPGRADING to +0 ring mail.
  1233 | D:2      | 1233 ||| DROPPING +0 leather armour.
  1234 | D:2      | 1234 ||| READING scroll labelled YSYSU QIKHO.
  1235 | D:2      | 1235 ||| READING scroll labelled KUBOAR VISOAN.
  1239 | D:2      | 1239 ||| READING 3 scrolls of identify.
  1239 | D:2      | 1239 ||| IDENTIFYING murky ruby potion
  1240 | D:2      | 1240 ||| READING 2 scrolls of identify.
  1240 | D:2      | 1240 ||| IDENTIFYING lumpy golden potion
  1241 | D:2      | 1241 ||| DROPPING potion of invisibility.
  1242 | D:2      | 1242 ||| DROPPING potion of lignification.
  1259 | D:3      | 1259 ||| STAIRDANCE
  1264 | D:2      | Reached skill level 4 in Ranged Weapons
  1455 | D:3      | Found a faded altar of an unknown god.
  1458 | D:3      | Noticed Jessica
  1472 | D:3      | Killed Jessica
  1473 | D:3      | Reached XP level 4. HP: 31/36 MP: 4/4
  2179 | D:3      | 2179 ||| UPGRADING to ring of willpower.
  2220 | D:4      | 2220 ||| STAIRDANCE
  2223 | D:3      | Reached skill level 5 in Ranged Weapons
  2223 | D:3      | Reached XP level 5. HP: 34/41 MP: 5/5
  2402 | D:4      | Reached skill level 3 in Fighting
  2479 | D:4      | Found Emmekiti's Overcharged Wands.
  2500 | D:4      | HP: 11/45 [scorpion (3)]
  2501 | D:4      | 2501 ||| READING scroll of teleportation.
  2502 | D:4      | 2502 ||| DRINKING potion of heal wounds.
  2577 | D:4      | Noticed an ogre
  2591 | D:4      | Killed an ogre
  2592 | D:4      | Reached skill level 6 in Ranged Weapons
  2592 | D:4      | Reached XP level 6. HP: 26/51 MP: 6/6
  2658 | D:4      | 2658 ||| FLEEEEING.
  2818 | D:4      | 2818 ||| FLEEEEING.
  2819 | D:4      | 2819 ||| FLEEEEING.
  2820 | D:4      | 2820 ||| STAIRDANCE
  2923 | D:3      | 2923 ||| READING 3 scrolls of identify.
  2923 | D:3      | 2923 ||| IDENTIFYING sedimented coppery potion
  2924 | D:3      | 2924 ||| READING 2 scrolls of identify.
  2924 | D:3      | 2924 ||| IDENTIFYING black potion
  2925 | D:3      | 2925 ||| DROPPING potion of attraction.
  2926 | D:3      | 2926 ||| DROPPING potion of magic.
  3101 | D:4      | Found an ornate altar of the Wu Jian Council.
  3170 | D:4      | 3170 ||| READING scroll labelled YREH HEHAFYUTI.
  3180 | D:5      | Entered Level 5 of the Dungeon
  3233 | D:5      | Noticed Blork the orc
  3235 | D:5      | Noticed an ice beast
  3244 | D:5      | Killed Blork the orc
  3245 | D:5      | HP: 9/52 [black bear (5)]
  3245 | D:5      | Mangled by an ice beast

Levels and vault maps discovered:
D:1:      dpeg_arrival_renting, layout_rooms, feat_on_display
D:2:      layout_basic, serial_forest, infiniplex_forest_end_double,
          infiniplex_forest_clump_double, infiniplex_forest_clump_large,
          infiniplex_forest_clump_tiny, infiniplex_forest_lined_3,
          infiniplex_forest_clump_small, infiniplex_forest_lined_ring,
          infiniplex_forest_fountain, infiniplex_forest_clump_double
D:3:      layout_loops_corners, shapermc_ecumenical_altar_mp_urbaneastern,
          minmay_between, uniq_jessica
D:4:      layout_cave_pools, kennysheep_little_box,
          nicolae_shop_overcharged_wands
D:5:      layout_basic, doesnt_xom_only_xom, serial_shops, shop, uniq_menkaure,
          uniq_duvessa, uniq_blork_the_orc

Skill      XL: |  1  2  3  4  5  6 |
---------------+-------------------+-----
Ranged Weapons | 3 4 5 6 |  6.9
Fighting       | 2 3 4 |  4.1
Armour         | 2 |  2.0
Dodging        | |  2.1
Spellcasting   | |  1.0
Hexes          | |  2.0

Action                     |  1- 3 |  4- 6 || total
---------------------------+-------+-------++-------
   Fire: Sling             |    95 |   178 ||   273
    Use: Scroll            |     6 |     4 ||    10
         Potion            |     1 |     1 ||     2
 Armour: Robe              |     5 |       ||     5
         Ring mail         |     4 |    51 ||    55
  Dodge: Dodged            |    32 |    78 ||   110

Table legend:
 A = Non-vault XP
 B = Vault XP
 C = Vault XP percentage of total XP
 D = Non-vault monster count
 E = Vault monster count
 F = Vault count percentage of total count
                 A         B        C        D         E       F
            +---------+---------+-------+---------+---------+-------
      Total |     534 |     136 |  20.3 |      66 |       4 |   5.7
            +---------+---------+-------+---------+---------+-------
        D:1 |      27 |       0 |   0.0 |      15 |       0 |   0.0
        D:2 |      35 |       0 |   0.0 |       9 |       0 |   0.0
        D:3 |      81 |      42 |  34.1 |      14 |       3 |  17.6
        D:4 |     351 |       0 |   0.0 |      27 |       0 |   0.0
        D:5 |      40 |      94 |  70.1 |       1 |       1 |  50.0
            +---------+---------+-------+---------+---------+-------
